 Dungeon Crawl Stone Soup version 0.30-a0-862-g1aabd4f9c5 (webtiles) character file.

Game seed: 8072882562479527511

28 qeuew the Trooper (level 3, 29/29 HPs)
             Began as a Demonspawn Chaos Knight on Mar 8, 2023.
             Was a Plaything of Xom.
             Quit the game on level 1 of the Dungeon.
             The game lasted 00:00:53 (942 turns).

qeuew the Trooper (Demonspawn Chaos Knight)          Turns: 942, Time: 00:00:53

Health: 29/29      AC:  5    Str: 12    XL:     3   Next: 0%
Magic:  3/3        EV: 11    Int: 13    God:    Xom [.....*]
Gold:   55         SH:  0    Dex: 14    Spells: 2/2 levels left

rFire   . . .      SeeInvis .    a - +0 falchion (chaos)
rCold   . . .      Faith    .    (no shield)
rNeg    . . .      Spirit   .    b - +2 leather armour
rPois   .          Reflect  .    (no helmet)
rElec   .          Rampage  .    (no cloak)
rCorr   .                        (no gloves)
Will    .....                    (no boots)
Stlth   +                        (no amulet)
HPRegen 0.24/turn                (no ring)
MPRegen 0.08/turn                (no ring)

@: brilliant, hasted, invisible, very quick
A: claws 1, deterioration 1
a: Renounce Religion


You were on level 1 of the Dungeon.
You worshipped Xom.
You were Xom's teddy bear.
You visited 1 branch of the dungeon, and saw 1 of its levels.

You collected 55 gold pieces.

Inventory:

Hand Weapons
 a - a +0 falchion of chaos (weapon)
Armour
 b - a +2 leather armour (worn)
Miscellaneous
 c - a piece from Xom's chessboard (15/15) (quivered)


   Skills:
 + Level 3.1 Fighting
 * Level 3.0 Long Blades
 + Level 2.0 Armour
 * Level 1.6 Dodging
 + Level 0.5 Evocations


You had 2 spell levels left.
You didn't know any spells.
Your spell library was empty.

Dungeon Overview and Level Annotations

Branches:
Dungeon (1/15)

Altars:
Xom


Innate Abilities, Weirdness & Mutations

You have sharp fingernails.
Your body sometimes deteriorates upon taking damage.


Message History

There is an open door here.
Key pressed, stopping explore.
You see here a giant cockroach corpse.
You see here a +2 heavy mace.
You swap places.
You open the door.
A frilled lizard comes into view.
The frilled lizard hisses angrily.
There is an open door here.
A frilled lizard is nearby!
The frilled lizard closely misses you.
You barely miss the frilled lizard. The frilled lizard bites you.
You slash the frilled lizard! You burn the frilled lizard.
You kill the frilled lizard!
You have reached level 3!
Your experience leads to an increase in your attributes!
Increase (S)trength, (I)ntelligence, or (D)exterity?
You feel agile. x2
You open the door.
There is an open door here.
You swap places.
You see here a frilled lizard skeleton.
Key pressed, stopping explore.
Done exploring.
Done exploring.
No target in view!
No target in view!
Done exploring.
Done exploring.
Done exploring.
As you read the scroll labelled WIROULOESK, it crumbles to dust.
You feel momentarily disoriented.
It was a scroll of magic mapping.
It was a potion of brilliance.
You feel clever all of a sudden.
It was a potion of invisibility.
You fade into invisibility!
It was a potion of haste.
You feel yourself speed up.
It was a potion of mutation.
You feel extremely strange.
You feel yourself wasting away.
Are you sure you want to abandon this character and quit the game? (Confirm with "yes".)

......# .####.#
######### .# #.###
###...)...# .####.#.##
#.....###.#
....#....###.###.# #.#
###### .##..........#
#.# #.# #.....
.####†...###.###.# #.#
#.#### ......#.##
#.....###.#### #.#
#######.#
#####@Z......####.####
#.# #.###.##..........
## ##'## #.#
#.##..###.###. .#
##...## ### #######
#.###. .# ##.....#
#..... .###......#
########### ####._
.##.......#
#.........# ######...
..'†......#
#.♣..<..♣.# #........
.##.......#
#.........# #........


You could see a friendly quokka zombie.

Vanquished Creatures
  2 dart slugs (D:1)
  3 endoplasms (D:1)
  3 giant cockroaches (D:1)
  A hobgoblin (D:1)
  2 quokkas (D:1)
  2 ball pythons (D:1)
  A bat (D:1)
  5 frilled lizards (D:1)
  2 kobolds (D:1)
  3 rats (D:1)
24 creatures vanquished.

Notes
Turn   | Place    | Note
-------+----------+-------------------------------------------
     0 | D:1      | qeuew the Demonspawn Chaos Knight began the quest for the
                  | Orb.
     0 | D:1      | Reached XP level 1. HP: 18/18 MP: 1/1
    28 | D:1      | Reached skill level 1 in Dodging
   140 | D:1      | XOM: silly message
   165 | D:1      | Discovered your monstrous ancestry.
   165 | D:1      | Gained mutation: You have sharp fingernails. [demonic
                  | ancestry]
   165 | D:1      | Reached XP level 2. HP: 24/24 MP: 2/2
   266 | D:1      | XOM: scenery: create altars
   786 | D:1      | Reached XP level 3. HP: 26/29 MP: 3/3
   941 | D:1      | Gained mutation: Your body sometimes deteriorates upon
                  | taking damage. [potion of mutation]
   942 | D:1      | Quit the game

Illustrated notes

Levels and vault maps discovered:
D:1:      minmay_arrival_hallway, layout_loops_corners

Skill      XL: |  1  2 |
---------------+-------+-----
Dodging        | 1 |  1.6
Long Blades    | 3 |  3.0
Armour         | 2 |  2.0
Fighting       | |  3.1
Evocations     | |  0.5

Action                     || total
---------------------------++-------
  Melee: Falchion          ||    49
    Use: Potion            ||     4
         Scroll            ||     1
 Armour: Leather armour    ||    13
  Dodge: Dodged            ||    16

Table legend: (Time is in decaauts)
 A = Elapsed time spent in this place.
 B = Non-inter-level travel time spent in this place.
 C = Inter-level travel time spent in this place.
 D = Time resting spent in this place.
 E = Time spent auto-exploring this place.
 F = Levels seen in this place.
 G = Mean time per level.
                   A        B        C        D        E       F      G
               +--------+--------+--------+--------+--------+-----+--------+
         Total |    949 |    949 |      0 |      0 |    815 |   1 |  949.0 |
       Dungeon |    949 |    949 |      0 |      0 |    815 |   1 |  949.0 |
               +--------+--------+--------+--------+--------+-----+--------+

Top non-repeatable levels by time:
     D:1: 949 daAuts
